 Dungeon Crawl Stone Soup version 0.28.0-53-g5a82cb258f (webtiles) character file.

Game seed: 16261726840436546211

303 hawla the Firebug (level 6, -1/24 HPs)
             Began as a Felid Fire Elementalist on June 6, 2022.
             Killed by divine providence
             ... invoked by an orc priest
              (10 damage)
             ... on level 5 of the Dungeon.
             The game lasted 00:13:29 (5442 turns).

hawla the Firebug (Felid Fire Elementalist)         Turns: 5442, Time: 00:13:29

Health: -1/24      AC:  2    Str:  4    XL:     6   Next: 15%
Magic:  0/10       EV: 18    Int: 18    God:
Gold:   124        SH:  0    Dex: 17    Spells: 3/10 levels left
                                        Lives:  0   Deaths: 1

rFire   . . .      SeeInvis +     - Unarmed
rCold   . . .      Faith    .   (shield unavailable)
rNeg    . . .      Spirit   .   (armour unavailable)
rPois   .          Reflect  .   (helmet unavailable)
rElec   .          Harm     .   (cloak unavailable)
rCorr   .          Rampage  .   (gloves unavailable)
Will    .....                   (boots unavailable)
Stlth   +++.......              (no amulet)
HPRegen 0.08/turn               (no ring)
MPRegen 0.12/turn               (no ring)

@: quick
A: very small, claws 1, fangs 3, see invisible, speed 1, shaggy fur 2, stealthy
paws, no weapons or thrown items, no armour, multi-lived
a: no special abilities


You were on level 5 of the Dungeon.
You visited 1 branch of the dungeon, and saw 5 of its levels.

You collected 124 gold pieces.

Inventory:

Scrolls
 a - a scroll of magic mapping {unknown}
 g - 3 scrolls of fear
 h - a scroll of identify
Potions
 b - a potion of invisibility
 e - a potion of flight
 i - a potion of brilliance


   Skills:
 + Level 0.2 Fighting
 + Level 3.6 Dodging
 - Level 3.5 Stealth
 - Level 1.2 Unarmed Combat
 - Level 2.5 Spellcasting
 * Level 2.5 Conjurations
 * Level 5.4 Fire Magic


You had 3 spell levels left.
You knew the following spells:

 Your Spells              Type           Power      Damage    Failure   Level
a - Foxfire               Conj/Fire      64%        2x1d7     3%          1
b - Scorch                Fire           42%        2d7       2%          2
c - Flame Wave            Conj/Fire      16%        2d6       32%         4

Your spell library contained the following spells:

 Spells                   Type           Power      Damage    Failure   Level
 Conjure Flame            Conj/Fire      16%        6-21      10%         3
 Inner Flame              Hex/Fire       12%        N/A       17%         3
 Gell's Gravitas          Tloc           2%         N/A       45%         3
 Lesser Beckoning         Tloc           2%         N/A       45%         3
 Teleport Other           Tloc           2%         N/A       45%         3


Dungeon Overview and Level Annotations

Branches:
Dungeon (4/15)
 Temple: D:4-7

Altars:
Zin

Shops:
D:2 (


Innate Abilities, Weirdness & Mutations

You have sharp claws.
You have razor-sharp teeth.
You have supernaturally acute eyesight. (SInv)
You cover ground quickly. (Speed+)
You are covered in thick fur. (AC +2)
Your paws help you pounce on unaware monsters.
You are incapable of wielding weapons or throwing items.
You cannot wear armour.
You gain extra lives every three experience levels.


Message History

The orc priest is heavily wounded.
The foxfire hits the orc.
The orc is heavily wounded.
The foxfire hits the orc.
You kill the orc!
The orc priest barely misses you.
You scratch the orc priest but do no damage.
The orc priest is heavily wounded.
The orc priest barely misses you.
You closely miss the orc priest.
The orc priest is heavily wounded.
The orc priest looks encouraged for a moment.
You scratch the orc priest but do no damage.
The orc priest is heavily wounded.
The orc priest misses you.
You scratch the orc priest but do no damage.
The orc priest is heavily wounded.
The orc priest hits you with a +1 mace of protection!
Casting: Foxfire (safe; 3% risk of failure)
Confirm with . or Enter, or press ? or * to list all spells.
You don't have enough magic to cast this spell.
Unknown command.
You scratch the orc priest.
The orc priest is heavily wounded.
The orc priest mumbles some strange prayers to Beogh against you.
You resist with significant effort.
Okay, then.
You scratch the orc priest but do no damage.
The orc priest is heavily wounded.
The orc priest barely misses you.
You scratch the orc priest but do no damage.
You bite the orc priest, but do no damage.
The orc priest is heavily wounded.
The orc priest looks satisfied for a moment.
Casting: Foxfire (safe; 3% risk of failure)
Confirm with . or Enter, or press ? or * to list all spells.
You conjure some foxfire!
The orc priest calls down the wrath of Beogh upon you.
Beogh smites you!
You die...

# #. . #.. ...
#...######....
#....v........
#....)@.......
#....)ov......
#...)....)....
#.............
#.............
#..###........
#.# ##.......
#. #......


You could see an orc priest (ally target).

Vanquished Creatures
  A necrophage (D:4)
  A scorpion (D:4)
  2 hounds (D:4)
  2 orc priests (D:4)
  A hound skeleton (D:2)
  4 adders
  An ufetubus (D:4)
  A worm (D:2)
  A dart slug (D:1)
  10 orcs
  11 endoplasms
  4 giant cockroaches
  4 goblins
  4 hobgoblins
  8 jackals
  4 quokkas
  2 ball pythons (D:2)
  2 bats (D:2)
  4 frilled lizards
  5 kobolds
  10 rats
82 creatures vanquished.

Vanquished Creatures (others)
  113 foxfires
113 creatures vanquished.

Grand Total: 195 creatures vanquished

Notes
Turn   | Place    | Note
-------+----------+-------------------------------------------
     0 | D:1      | hawla the Felid Fire Elementalist began the quest for the
                  | Orb.
     0 | D:1      | Reached XP level 1. HP: 7/7 MP: 4/4
   547 | D:1      | Reached XP level 2. HP: 11/11 MP: 6/6
   592 | D:1      | Reached skill level 3 in Fire Magic
   801 | D:1      | Learned a level 2 spell: Scorch
  1173 | D:2      | Reached skill level 1 in Conjurations
  1173 | D:2      | Reached XP level 3. HP: 12/14 MP: 0/7
  1319 | D:2      | Reached skill level 1 in Unarmed Combat
  1621 | D:2      | Found Lumaej's Antique Weapon Shop.
  2134 | D:2      | Found a glowing silver altar of Zin.
  2625 | D:3      | Reached XP level 4. HP: 18/18 MP: 2/8
  2709 | D:3      | Learned a level 4 spell: Flame Wave
  3980 | D:4      | Noticed a scorpion
  3985 | D:4      | Killed a scorpion
  3986 | D:4      | Reached skill level 4 in Fire Magic
  3986 | D:4      | Reached XP level 5. HP: 21/21 MP: 1/9
  4208 | D:4      | Frozen to death by an endoplasm
  4209 | D:4      | Reached XP level 4. HP: 0/18 MP: 1/8
  4749 | D:4      | Reached XP level 5. HP: 21/21 MP: 2/9
  4907 | D:4      | Noticed a necrophage
  4915 | D:4      | Killed a necrophage
  4916 | D:4      | Reached skill level 5 in Fire Magic
  4916 | D:4      | Gained mutation: You are covered in thick fur. (AC +2)
                  | [Felid growth]
  4916 | D:4      | Reached XP level 6. HP: 16/24 MP: 2/10
  5424 | D:4      | You fall into a shaft and drop 1 floor!
  5424 | D:5      | Entered Level 5 of the Dungeon
  5442 | D:5      | Killed from afar by an orc priest

Illustrated notes

Levels and vault maps discovered:
D:1:      evilmike_arrival_rings, layout_basic
D:2:      layout_basic, serial_shops, shop, basic_altar, grunt_ministairs_12
D:3:      layout_basic, minivault_11, minmay_misc_feat_encased,
          grunt_decor_mini_mirrors
D:4:      layout_basic, kennysheep_generic_room_9
D:5:      old_forge, layout_layer_cave

Skill      XL: |  1  2  3  4  5 |
---------------+----------------+-----
Dodging        | 3 |  3.6
Fire Magic     | 3 4 5 |  5.4
Stealth        | 3 |  3.5
Conjurations   | 1 2 |  2.5
Unarmed Combat | 1 |  1.2
Fighting       | |  0.2
Spellcasting   | |  2.5

Action                   |  1- 3 |  4- 6 || total
-------------------------+-------+-------++-------
Melee: Unarmed           |    62 |    47 ||   109
       Bite              |     5 |     6 ||    11
       Punch             |       |     1 ||     1
 Cast: Foxfire           |    27 |    43 ||    70
       Scorch            |    12 |    29 ||    41
  Use: Scroll            |       |    10 ||    10
       Potion            |       |     2 ||     2
 Stab: Sleeping          |    12 |     2 ||    14
Armor: Skin              |     2 |     1 ||     3
Dodge: Dodged            |    46 |    60 ||   106
